 Dungeon Crawl Stone Soup version 0.18.1-50-g88ac8fd (webtiles) character file.

81245 tatulmax the Slayer (level 15, -9/190 HPs)
             Began as a Minotaur Berserker on Oct 1, 2016.
             Was the Champion of Trog.
             Mangled by a sea snake (11 damage)
             ... on level 3 of the Lair of Beasts.
             The game lasted 02:55:10 (24762 turns).

tatulmax the Slayer (Minotaur Berserker)           Turns: 24762, Time: 02:55:10

Health: -9/190     AC: 22    Str: 27    XL:     15   Next: 26%
Magic:  14/14      EV:  8    Int:  4    God:    Trog [******]
Gold:   825        SH:  0    Dex: 11    Spells: 0 memorised, 14 levels left

rFire  + . .     SeeInvis .     V - +4 great mace (elec)
rCold  . . .     Gourm    .     v - +0 plate armour {rF+}
rNeg   . . .     Faith    .     (shield currently unavailable)
rPois  +         Spirit   .     D - +0 hat
rElec  .         Dismiss  .     o - +0 cloak
rCorr  .         Reflect  .     L - +2 pair of gloves
SustAt .         Harm     .     h - +0 pair of boots
MR     +....                    (no amulet)
Stlth  ..........               t - +6 ring of protection
                                A - ring of poison resistance

@: lethally poisoned (-9 -> -72), exhausted, very slightly contaminated, slowed,
studying Maces & Flails, very slow, somewhat resistant to hostile enchantments,
extremely unstealthy
A: retaliatory headbutt, hooves 1, horns 2, deterioration 1, robust 1
a: Berserk, Trog's Hand, Brothers in Arms, Burn Spellbooks, Renounce Religion


You were on level 3 of the Lair of Beasts.
You worshipped Trog.
Trog was exalted by your worship.
You were very hungry.

You visited 3 branches of the dungeon, and saw 20 of its levels.
You also visited: Labyrinth.

You collected 892 gold pieces.
You spent 67 gold pieces at shops.

Inventory:

Hand Weapons
 V - a +4 great mace of electrocution (weapon)
Armour
 h - a +0 pair of boots (worn)
 o - a +0 cloak (worn)
 v - a +0 plate armour of fire resistance (worn)
 D - a +0 hat (worn)
 L - a +2 pair of gloves (worn)
Jewellery
 t - a +6 ring of protection (right hand)
 A - a ring of poison resistance (left hand)
 C - an uncursed ring of protection from fire
 F - an uncursed ring of flight
Wands
 e - a wand of polymorph (9/24)
 B - a wand of disintegration (10/24)
 G - a wand of enslavement (8/24)
 M - a wand of paralysis (21/24)
 N - a wand of slowing (20/48)
 O - a wand of confusion (11/48)
Scrolls
 b - a scroll of magic mapping
 i - 4 scrolls of teleportation
 j - 6 scrolls of identify
 s - 8 scrolls of enchant armour
 w - 4 scrolls of enchant weapon
 x - 6 scrolls of remove curse
 y - 4 scrolls of recharging
 z - 3 scrolls of blinking
 I - a scroll of fear {unknown}
Potions
 a - a potion of agility
 d - 2 potions of ambrosia
 f - 3 potions of resistance
 g - 3 potions of heal wounds
 k - 2 potions of mutation
 m - 7 potions of curing
 q - a potion of cure mutation
 u - 2 potions of cancellation
 K - a potion of flight
Books
 r - a manual of Maces & Flails
Miscellaneous
 n - a lamp of fire
 p - a disc of storms
Comestibles
 c - 11 bread rations
 l - 3 meat rations
 E - 10 beef jerkies
 H - 5 chunks of flesh
 J - 34 fruits
 U - 2 royal jellies
 X - 2 slices of pizza


   Skills:
 + Level 26.9 Fighting
 - Level 10.1 Maces & Flails
 - Level 2.4 Armour
 - Level 2.1 Dodging


You had 14 spell levels left.
You didn't know any spells.

Dungeon Overview and Level Annotations

Branches:
Dungeon (10/15)            Temple (0/1) D:6            Lair (8/8) D:10
 Shoals (2/4) Lair:3        Snake (0/4) Lair:3        Slime (0/6) Lair:6
    Orc (0/2) D:9

Altars:
Fedhas
Okawaru
The Shining One
Jiyva

Shops:
Shoals:1 [

Annotations:
D:10 Maurice


Innate Abilities, Weirdness & Mutations

You reflexively headbutt those who attack you in melee.
You have a pair of horns on your head.
You have large cloven feet.
Your body sometimes deteriorates upon taking damage.
You are robust (+10% HP).


Message History

You thump the sea snake!
The sea snake is moderately wounded.
The sea snake bites you!
* * * LOW HITPOINT WARNING * * *
You are lethally poisoned!
The sea snake poisons you! The sea snake bites you.
* * * LOW HITPOINT WARNING * * *
You are more poisoned.
The sea snake poisons you!
You closely miss the sea snake. You headbutt the sea snake.
The sea snake is moderately wounded.
* * * LOW HITPOINT WARNING * * *
You feel extremely sick.
The sea snake bites you but does no damage. x2
You closely miss the sea snake.
The sea snake is moderately wounded.
* * * LOW HITPOINT WARNING * * *
You feel extremely sick. The sea snake bites you!
You die...

#P......##+...........
#P...#..........[.(..)
#P...#..........######
#P.............## #
###..........#<##
#P....#.........#
##.............P#
##..S...####..##
##..}@.......>P###
#.............##.#####
##............#.##..P.
#.....................
#....#..#...#P........
##.#...........##.##..
###.............##..#..
#.#...........+.##.+..#
##.............##.....#


You could see a sea snake.

Vanquished Creatures
  3 merfolk impalers
  A merfolk javelineer (Shoals:2)
  A minotaur (Lab)
  Harold (Lair:2)
  5 hydras
  3 catoblepae (Lair:8)
  9 death yaks
  Urug (D:10)
  An unseen horror (D:10)
  3 sea snakes
  5 hill giants
  3 fauns (Shoals:1)
  2 manticores
  5 griffons
  2 cyclopes (Shoals:1)
  23 elephants
  3 sirens (Shoals:1)
  9 black mambas
  Joseph (Lair:1)
  20 spiny frogs
  6 komodo dragons
  4 rime drakes
  3 polar bears
  5 merfolk
  A two-headed ogre (D:10)
  2 snapping turtles (Shoals:1)
  50 blink frogs
  A wyvern (D:9)
  4 basilisks
  50 yaks
  4 hungry ghosts (Lab)
  12 hippogriffs
  2 steam dragons (D:6)
  Menkaure (D:5)
  2 nagas (Lair:3)
  4 wargs (D:9)
  4 swamp worms (Lair:2)
  20 water moccasins
  Duvessa (D:7)
  15 porcupines
  5 orc warriors
  2 ice beasts
  A black bear (Lair:8)
  A sky beast (D:8)
  A phantom (D:9)
  3 ogres
  2 centaurs
  27 wolves
  10 crocodiles
  2 big kobolds
  18 giant frogs
  A gnoll sergeant (D:6)
  Dowan (D:7)
  A scorpion (D:7)
  4 killer bees (D:10)
  12 wights
  6 crimson imps
  A giant frog zombie (D:8)
  7 howler monkeys
  A quasit (D:8)
  A jelly (D:6)
  7 hounds
  2 giant frog skeletons
  A gnoll shaman (D:4)
  7 orc priests
  Ijyb (D:2)
  16 orc wizards
  A centaur skeleton (D:8)
  8 iguanas
  6 worker ants
  27 sheep
  A hound skeleton (D:6)
  11 gnolls
  11 adders
  45 river rats
  2 oozes
  An adder zombie (D:7)
  16 worms
  3 dart slugs
  5 giant geckos
  48 orcs
  A giant cockroach (D:1)
  11 goblins
  6 hobgoblins
  5 jackals
  11 kobolds
  4 quokkas
  A ball python (D:3)
  A ball python skeleton (D:4)
  8 bats
  A giant gecko zombie (D:6)
  4 giant newts
  3 quokka skeletons
  A quokka zombie (D:5)
  5 rats
  2 fungi
  3 plants
685 creatures vanquished.

Vanquished Creatures (others)
  13 fungi
  13 plants
26 creatures vanquished.

Grand Total: 711 creatures vanquished

Notes
Turn   | Place    | Note
--------------------------------------------------------------
     0 | D:1      | tatulmax the Minotaur Berserker began the quest for the Orb.
     0 | D:1      | Reached XP level 1. HP: 19/19 MP: 0/0
   148 | D:1      | Reached XP level 2. HP: 25/27 MP: 1/1
   152 | D:1      | Reached skill level 4 in Fighting
   308 | D:1      | Reached XP level 3. HP: 33/33 MP: 2/2
   459 | D:1      | Reached ** piety under Trog
   842 | D:1      | Reached skill level 5 in Maces & Flails
   965 | D:2      | Reached XP level 4. HP: 41/41 MP: 3/3
  1142 | D:2      | Noticed Ijyb
  1157 | D:2      | Killed Ijyb
  1157 | D:2      | Reached skill level 5 in Fighting
  1267 | D:3      | Found a glowing golden altar of the Shining One.
  1385 | D:3      | Reached XP level 5. HP: 42/48 MP: 4/4
  2188 | D:4      | Found an iron altar of Okawaru.
  2283 | D:4      | Reached skill level 6 in Fighting
  2317 | D:4      | Reached XP level 6. HP: 57/57 MP: 5/5
  2632 | D:5      | Entered Level 5 of the Dungeon
  2643 | D:5      | Reached *** piety under Trog
  2788 | D:5      | Reached skill level 7 in Fighting
  2793 | D:5      | Reached XP level 7. HP: 60/66 MP: 6/6
  3088 | D:5      | Noticed Menkaure
  3095 | D:5      | Killed Menkaure
  3248 | D:6      | Noticed a steam dragon
  3250 | D:6      | Noticed a steam dragon
  3255 | D:6      | Killed a steam dragon
  3255 | D:6      | Reached skill level 8 in Fighting
  3260 | D:6      | Killed a steam dragon
  3260 | D:6      | Reached XP level 8. HP: 75/75 MP: 7/7
  3321 | D:6      | Found a staircase to the Ecumenical Temple.
  3475 | D:6      | Reached **** piety under Trog
  3750 | D:6      | Reached skill level 9 in Fighting
  3750 | D:6      | Reached skill level 10 in Maces & Flails
  4052 | D:7      | Reached skill level 10 in Fighting
  4105 | D:7      | Reached XP level 9. HP: 35/86 MP: 8/8
  4135 | D:7      | Reached skill level 11 in Fighting
  4539 | D:7      | Reached skill level 12 in Fighting
  4622 | D:7      | Noticed Duvessa
  4623 | D:7      | Noticed Dowan
  4630 | D:7      | Killed Duvessa
  4636 | D:7      | Killed Dowan
  4640 | D:7      | Reached ***** piety under Trog
  5083 | D:8      | Noticed a hill giant
  5105 | D:8      | Killed a hill giant
  5105 | D:8      | Reached skill level 13 in Fighting
  5193 | D:8      | Received a gift from Trog
  5287 | D:8      | Reached skill level 14 in Fighting
  5426 | D:8      | Reached XP level 10. HP: 59/103 MP: 9/9
  5912 | D:9      | Found a staircase to the Orcish Mines.
  5946 | D:9      | Noticed a hill giant
  5973 | D:9      | Killed a hill giant
  5973 | D:9      | Reached skill level 15 in Fighting
  6266 | D:9      | Reached skill level 16 in Fighting
  7070 | D:10     | Entered Level 10 of the Dungeon
  7348 | D:10     | Noticed a hill giant
  7359 | D:10     | Killed a hill giant
  7359 | D:10     | Reached skill level 17 in Fighting
  7359 | D:10     | Reached XP level 11. HP: 61/117 MP: 10/10
  7900 | D:10     | Killed an unseen horror
  8113 | D:10     | Found a blossoming altar of Fedhas.
  8117 | D:10     | Noticed a hill giant
  8128 | D:10     | Killed a hill giant
  8290 | D:10     | Noticed Maurice
  8470 | D:10     | Noticed Urug
  8485 | D:10     | Killed Urug
  8524 | D:10     | Found a staircase to the Lair.
  8786 | Lair:1   | Entered Level 1 of the Lair of Beasts
  8907 | Lair:1   | Reached skill level 18 in Fighting
  9509 | Lair:1   | Received a gift from Trog
  9666 | Lair:1   | Noticed Joseph
  9676 | Lair:1   | Killed Joseph
  9786 | Lair:1   | Reached skill level 19 in Fighting
  9950 | Lair:1   | Noticed a hill giant
  9958 | Lair:1   | Killed a hill giant
 10165 | Lair:1   | Reached XP level 12. HP: 120/132 MP: 11/11
 10218 | Lair:1   | Reached skill level 20 in Fighting
 10946 | Lair:2   | Noticed Harold
 10955 | Lair:2   | Killed Harold
 10955 | Lair:2   | Reached ****** piety under Trog
 10983 | Lair:2   | Found a labyrinth entrance.
 11006 | Lab      | Entered a labyrinth
 11200 | Lab      | Noticed a minotaur
 11210 | Lab      | Killed a minotaur
 11220 | Lab      | Identified Zocaz's Guide on the Cankerous Frostbite
 11220 | Lab      | Identified Moff's Almanac of Attacks
 11298 | Lair:2   | Gained mutation: Your body sometimes deteriorates upon taking damage. [potion of mutation]
 11298 | Lair:2   | Gained mutation: You have large cloven feet. [potion of mutation]
 11298 | Lair:2   | Gained mutation: You are robust (+10% HP). [potion of mutation]
 11402 | Lair:2   | Reached skill level 21 in Fighting
 11414 | Lair:2   | Received a gift from Trog
 11652 | Lair:2   | Noticed a six-headed hydra
 11668 | Lair:2   | Killed a six-headed hydra
 12336 | Lair:2   | Reached skill level 22 in Fighting
 12782 | Lair:3   | Received a gift from Trog
 12787 | Lair:3   | Reached XP level 13. HP: 116/159 MP: 12/12
 12899 | Lair:3   | Received a gift from Trog
 13092 | Lair:3   | Found a staircase to the Shoals.
 13225 | Lair:3   | Found a staircase to the Snake Pit.
 14657 | Lair:4   | Reached skill level 23 in Fighting
 14675 | Lair:4   | Received a gift from Trog
 16072 | Lair:6   | Found a viscous altar of Jiyva.
 16072 | Lair:6   | Found a staircase to the Slime Pits.
 16215 | Lair:6   | Received a gift from Trog
 16518 | Lair:7   | Reached skill level 24 in Fighting
 16854 | Lair:7   | Reached XP level 14. HP: 68/174 MP: 13/13
 17458 | Lair:8   | Entered Level 8 of the Lair of Beasts
 17572 | Lair:8   | Received a gift from Trog
 18578 | Lair:7   | Reached skill level 25 in Fighting
 19317 | Lair:8   | Received a gift from Trog
 20966 | Lair:8   | Reached skill level 26 in Fighting
 22039 | Shoals:1 | Entered Level 1 of the Shoals
 22151 | Shoals:1 | Found Pewiump's Armour Shoppe.
 22387 | Lair:3   | Reached XP level 15. HP: 74/190 MP: 14/14
 23058 | Shoals:1 | Bought a +0 pair of gloves for 67 gold pieces
 23370 | Shoals:1 | Received a gift from Trog
 24762 | Lair:3   | HP: 2/190 [poisoned by a sea snake]
 24762 | Lair:3   | Mangled by a sea snake

Skill      XL: |  1  2  3  4  5  6  7  8  9 10 11 12 13 14 |
---------------+-------------------------------------------+-----
Maces & Flails | 4 5 6 7 9 10 | 10.1
Fighting       | 4 5 6 7 8 10 14 17 19 22 24 26 | 26.9
Armour         | |  2.4
Dodging        | |  2.1

Action                   |  1- 3 |  4- 6 |  7- 9 | 10-12 | 13-15 || total
-------------------------+-------+-------+-------+-------+-------++-------
Melee: Mace              |    58 |   154 |   333 |   425 |       ||   970
       Headbutt          |    12 |    29 |    63 |   181 |   206 ||   491
       Great mace        |       |       |       |   353 |   815 ||  1168
Invok: Burn Spellbooks   |       |     1 |     2 |     1 |     1 ||     5
       Berserk           |       |       |     6 |     4 |    10 ||    20
Evoke: Deck              |       |       |       |       |     2 ||     2
  Use: Scroll            |       |       |       |    16 |    16 ||    32
       Potion            |       |       |       |     6 |     6 ||    12
  Eat: Chunk             |       |     6 |    15 |    32 |    45 ||    98
       Pizza             |       |       |       |     1 |       ||     1
       Fruit             |       |       |       |       |     3 ||     3
Armor: Animal skin       |     2 |       |       |       |       ||     2
       Scale mail        |    10 |    80 |   105 |       |       ||   195
       Plate armour      |       |       |    68 |   577 |   814 ||  1459
Dodge: Dodged            |    25 |    75 |   106 |   227 |   373 ||   806
